 Dungeon Crawl Stone Soup version 0.29.1-1-gd02db6906a (webtiles) character file.

Game seed: 16933688885181348405

51 karrick the Covered (level 3, -2/24 HPs)
             Began as a Gargoyle Fighter on Sept 22, 2022.
             Slain by a gnoll
             ... wielding a +0 spear
              (4 damage)
             ... on level 2 of the Dungeon.
             The game lasted 00:02:43 (1151 turns).

karrick the Covered (Gargoyle Fighter)              Turns: 1151, Time: 00:02:44

Health: -2/24      AC: 10    Str: 19    XL:     3   Next: 83%
Magic:  3/3        EV:  9    Int:  8    God:
Gold:   63         SH:  4    Dex: 11    Spells: 2/2 levels left

rFire   . . .      SeeInvis .   f - +2 whip (venom)
rCold   . . .      Faith    .   c - +0 buckler
rNeg    + . .      Spirit   .   b - +0 scale mail
rPois   ∞          Reflect  .   (no helmet)
rElec   +          Harm     .   (no cloak)
rCorr   .          Rampage  .   (no gloves)
Will    .....                   (no boots)
Stlth   ..........              (no amulet)
HPRegen 0.08/turn               (no ring)
MPRegen 0.08/turn               (no ring)

@: mighty
A: sickness immunity, AC +3, negative energy resistance 1, electricity
resistance, torment resistance 1, petrification resistance
a: no special abilities


You were on level 2 of the Dungeon.
You visited 1 branch of the dungeon, and saw 2 of its levels.

You collected 63 gold pieces.

Inventory:

Hand Weapons
 a - a +0 flail
 f - a +2 whip of venom (weapon)
Armour
 b - a +0 scale mail (worn)
 c - a +0 buckler (worn)
Scrolls
 i - a scroll of identify {unknown}
 k - a scroll of enchant armour {unknown}
Potions
 e - a potion of cancellation {unknown}
 g - a potion of attraction {unknown}
 h - a potion of mutation {unknown}
 j - a potion of brilliance {unknown}


   Skills:
 + Level 3.6 Fighting
 + Level 2.9 Maces & Flails
 + Level 3.9 Armour
 + Level 3.6 Shields


You had 2 spell levels left.
You didn't know any spells.
Your spell library was empty.

Dungeon Overview and Level Annotations

Branches:
Dungeon (2/15)

Altars:


Innate Abilities, Weirdness & Mutations

You are immune to sickness and miasma.
Your stone body is resilient. (AC +3)
You are immune to poison.
You resist negative energy. (rN+)
You are resistant to electric shocks. (rElec)
You are resistant to unholy torment.
You are immune to petrification.


Message History

You kill the gnoll!
You barely miss the gnoll. The gnoll barely misses you. x2
You hit the gnoll.
The gnoll is poisoned.
The gnoll is lightly wounded.
The gnoll hits you but does no damage. x2
You hit the gnoll.
The gnoll looks as sick as possible!
The gnoll is moderately wounded.
The gnoll hits you with a +0 whip.
The gnoll hits you from afar with a +0 spear.
You are too injured to fight recklessly!
You are too injured to fight recklessly!
You are too injured to fight recklessly!
You are too injured to fight recklessly!
You are too injured to fight recklessly!
You are too injured to fight recklessly!
You are too injured to fight recklessly!
You are too injured to fight recklessly!
You are too injured to fight recklessly!
You are too injured to fight recklessly!
You are too injured to fight recklessly!
You are too injured to fight recklessly!
You are too injured to fight recklessly!
You are too injured to fight recklessly!
You are too injured to fight recklessly!
You are too injured to fight recklessly!
You are too injured to fight recklessly!
You are too injured to fight recklessly!
You are too injured to fight recklessly!
You are too injured to fight recklessly!
You are too injured to fight recklessly!
You feel very mighty all of a sudden. The gnoll hits you with a +0 whip.
* * * LOW HITPOINT WARNING * * *
The gnoll hits you from afar with a +0 spear.
* * * LOW HITPOINT WARNING * * *
You hit the gnoll.
The gnoll looks as sick as possible!
The gnoll is severely wounded.
You kill the gnoll!
The gnoll hits you from afar with a +0 spear.
You die...

#..........#..
#.........#.# #
#...........# .#
#.##........##.###
#.###...#......:.#
#......###.#.....#
#####.## ##gg....#
##.###)#.....#
##.#@##.g...#
###..#########
#.........#
#.#.##.##.#
#.#.##.# #.#....#
#.#.##.##.#
#.#.......#.
#...........


You could see 2 gnolls.

Vanquished Creatures
  2 gnolls (D:2)
  An adder (D:2)
  2 dart slugs (D:1)
  3 bats
  2 endoplasms (D:1)
  A giant cockroach (D:1)
  4 hobgoblins
  2 quokkas
  3 ball pythons (D:1)
  4 frilled lizards
  3 goblins (D:1)
  2 kobolds (D:1)
  2 rats (D:1)
31 creatures vanquished.

Vanquished Creatures (others)
  A fungus (D:1)
  A plant (D:1)
2 creatures vanquished.

Grand Total: 33 creatures vanquished

Notes
Turn   | Place    | Note
-------+----------+-------------------------------------------
     0 | D:1      | karrick the Gargoyle Fighter began the quest for the Orb.
     0 | D:1      | Reached XP level 1. HP: 14/14 MP: 1/1
    78 | D:1      | Reached XP level 2. HP: 19/19 MP: 2/2
   238 | D:1      | Found a faded altar of an unknown god.
   560 | D:1      | Reached XP level 3. HP: 23/23 MP: 3/3
  1151 | D:2      | Slain by a gnoll

Illustrated notes

Levels and vault maps discovered:
D:1:      wander_arrival_abandoned_jail, layout_basic,
          shapermc_ecumenical_altar_hornbeckon
D:2:      layout_loops_cross

Action                   || total
-------------------------++-------
Melee: Flail             ||    23
       Whip              ||    59
  Use: Potion            ||     1
Armor: Scale mail        ||    42
Dodge: Dodged            ||    34
Block: Buckler           ||     9
